Cogmind - Beta 11 X5 @@@ ROGUE MODE // 2021.06.12 @ 15:19:05 Player: Decinym Result: Destroyed by DAS Turret with DAS Cannon Performance ------------- Evolutions (0) 0 Regions Visited (3) 600 Robots Destroyed (17) 85 Value Destroyed (199) 199 Prototype IDs (27) 540 Alien Tech Used (0) 0 Bonus (-53) -53 TOTAL SCORE: 1371 Bonus ------- Aligned with FarCom 300 Friendly Fire -353 Cogmind --------- Core Integrity 0/250 Matter 300/300 Energy 304/310 System Corruption 0% Temperature Cool (2) Movement Walking (120) Location -10/Exiles Parts ------- > --- POWER (1) -------- Reinforced Fission Core > --- PROPULSION (2) --- Advanced Myomer Leg Advanced Myomer Leg > --- UTILITY (2) ------ Large Storage Unit > --- WEAPON (2) ------- AWS/Gauss > --- INVENTORY (15) --- Light Ion Engine Light Treads Armored Wheel Armored Wheel Experimental Heat Sink Gravity Neutralizing Apparatus AS-neutralizer No. 17b Heavy Particle Cannon High-powered Shotgun Assault Cannon Mini Grenade Launcher Great Maul Peak State ------------ > --- POWER ------------ Reinforced Fission Core > --- PROPULSION ------- Advanced Myomer Leg Advanced Myomer Leg > --- UTILITY ---------- Large Storage Unit Light Armor Plating > --- WEAPON ----------- AWS/Gauss > --- INVENTORY -------- Light Ion Engine Light Treads Experimental Heat Sink Gravity Neutralizing Apparatus AS-neutralizer No. 17b Heavy Particle Cannon High-powered Shotgun Assault Cannon Great Maul [Rating: 43] Favorites ----------- Power Light Ion Engine Engine Light Ion Engine Power Core Reinforced Fission Core Propulsion Light Treads Treads Light Treads Leg Advanced Myomer Leg Utility Large Storage Unit Device Gravity Neutralizing Apparatus Storage Large Storage Unit Protection Light Armor Plating Weapon Medium Laser Energy Gun Medium Laser Energy Cannon Beam Cannon Ballistic Gun Light Assault Rifle Launcher Mini Grenade Launcher Piercing Weapon Makeshift Spear Build | -11 -10 -10 -10 ------- Run | Scr Mat Min Exi Slots Evolved . | . . . . Power . | . . . . Propulsion . | . . . . Utility . | . . . . Weapon . | . . . . Parts Attached 24 | 2 2 7 13 Power 3 | . . 1 2 Engine 2 | . . 1 1 Core 1 | . . . 1 Reactor . | . . . . Propulsion 5 | 2 . 1 2 Treads 3 | 2 . 1 . Leg 2 | . . . 2 Wheel . | . . . . Hover . | . . . . Flight . | . . . . Utility 8 | . 1 1 6 Device 3 | . . . 3 Storage 2 | . 1 . 1 Processor . | . . . . Hackware . | . . . . Protection 3 | . . 1 2 Artifact . | . . . . Weapon 8 | . 1 4 3 Energy Gun 1 | . . 1 . Energy Cannon 1 | . . 1 . Ballistic Gun 2 | . . 1 1 Ballistic Cannon . | . . . . Launcher 3 | . 1 1 1 Special Weapon . | . . . . Impact Weapon . | . . . . Slashing Weapon . | . . . . Piercing Weapon 1 | . . . 1 Special Melee Weapon . | . . . . Unidentified Prototypes 4 | . . . 4 Parts Lost 3 | . . . 3 Power . | . . . . Propulsion . | . . . . Utility 3 | . . . 3 Weapon . | . . . . Highest Loss Streak 2 | . . . 2 Average Slot Usage (%) 91 | . 85 88 95 Engine 13 | . 14 14 12 Treads 26 | . 28 28 24 Leg 1 | . . . 3 Storage 11 | . 14 14 9 Protection 9 | . . 3 17 Energy Gun 12 | . 14 16 8 Energy Cannon 5 | . . 3 8 Ballistic Gun 3 | . 3 4 2 Launcher 4 | . 10 3 2 Piercing Weapon 1 | . . . 2 Naked Turns . | . . . . Heaviest Build 54 | 11 31 31 54 Greatest Support 60 | 40 40 42 60 Greatest Overweight (x) . | . . . . Average Overweight (x) . | . . . . Largest Inventory Capacity 15 | 8 15 15 15 Average Capacity 13 | 8 14 15 11 Most Carried 15 | 6 15 15 15 Average Carried 12 | 6 13 14 11 Final Capacity 15 | 8 15 15 15 Final Carried 15 | 6 15 15 12 Class Distribution -------------------- 100% | Mutant Dominant Class ---------------- Mutant | -10/Materials Mutant | -10/Mines Mutant | -10/Exiles Resources | -11 -10 -10 -10 ----------- Run | Scr Mat Min Exi Matter Collected 441 | 200 51 125 65 Remotely . | . . . . Salvage Created 292 | . 38 96 158 Parts 39 | . 7 12 20 Haulers Intercepted . | . . . . Recyclers Shooed . | . . . . Parts Field Recycled . | . . . . Retrieved Matter . | . . . . Parts Self-Destructed . | . . . . Prevented . | . . . . Kills | -11 -10 -10 -10 ------- Run | Scr Mat Min Exi Combat Hostiles Destroyed 18 | . 3 9 6 Guns 6 | . . 4 2 AOE 12 | . 3 5 4 Classes Destroyed 5 | . 2 1 2 Worker 1 | . . 1 . Operator 1 | . 1 . . Swarmer 12 | . 3 9 . Zionite 1 | . . . 1 Assembled 6 | . . . 6 Best Kill Streak 7 | . 3 3 7 Combat Bots Only 5 | . 3 3 5 Max Kills in Single Turn 5 | . 3 2 5 Gunslinging . | . . . . Exploded 4 | . 3 2 4 Melee . | . . . . Uniques/NPCs Destroyed 2 | . . . 2 EX-HEX (-10/Exiles) 8R-AWN (-10/Exiles) Combat | -11 -10 -10 -10 -------- Run | Scr Mat Min Exi Damage Taken 1174 | . 9 187 978 Core 278 | . . 57 221 Absorbed by Shields . | . . . . Core Remaining (%) 100 | 100 . . . Volleys Fired 21 | . 5 14 2 Largest 2 | . 2 2 1 Hottest 110 | . 60 110 30 Shots Fired 96 | . 6 25 65 Gun 86 | . 3 20 63 Cannon 2 | . . 2 . Launcher 8 | . 3 3 2 Special . | . . . . Kinetic 69 | . 1 5 63 Thermal 8 | . . 8 . Explosive 8 | . 3 3 2 Electromagnetic 11 | . 2 9 . Robot Hit Streak 33 | . 2 10 33 Robot Miss Streak 4 | . 2 1 4 Penetration Max . | . . . . Secondary Targets . | . . . . Autonomous 64 | . . . 64 Shots Hit Robots 76 | . 2 17 57 Core Hits 50 | . 5 10 35 Critical Kills . | . . . . Critical Parts Destroyed 1 | . . . 1 Critical Strikes 3 | . . 1 2 Destroy 2 | . . . 2 Corrupt 1 | . . 1 . Melee Attacks . | . . . . Impact . | . . . . Slashing . | . . . . Piercing . | . . . . Sneak Attacks . | . . . . Combat Hostiles . | . . . . Follow-up Attacks . | . . . . Damage Inflicted 2846 | . 203 522 2121 Guns 1789 | . 16 165 1608 Cannons . | . . . . Explosions 1005 | . 187 357 461 Melee . | . . . . Ramming 52 | . . . 52 Kinetic 1618 | . . 10 1608 Thermal 131 | . . 131 . Explosive 949 | . 187 301 461 Electromagnetic 96 | . 16 80 . Impact . | . . . . Slashing . | . . . . Piercing . | . . . . Highest Corruption . | . . . . Average Corruption . | . . . . Corruption Purged . | . . . . Overload Shots . | . . . . Overflow Damage 22 | . . 10 12 Projectiles . | . . . . Explosions 22 | . . 10 12 Melee . | . . . . Knockbacks 1 | . . . 1 Impact 1 | . . . 1 Kinetic . | . . . . Secondary . | . . . . Self-Inflicted Damage 102 | . . 102 . Shots 3 | . . 3 . Rammed 30 | . . . 30 Targets Rammed 30 | . . . 30 Kicked . | . . . . Crushed . | . . . . Highest Temperature 90 | . 20 90 4 Average Temperature 28 | . 15 31 2 Received Heat Transfer . | . . . . Siege Activations . | . . . . Robots Corrupted . | . . . . Combat Hostiles . | . . . . Parts Fried 1 | . 1 . . Impact Corruptions . | . . . . Robots Melted . | . . . . Combat Hostiles . | . . . . Parts Melted . | . . . . Heat Transferred 322 | . . 322 . Parts Sabotaged . | . . . . Parts Stolen . | . . . . Parts Stripped . | . . . . Power Chain Reactions 1 | . . 1 . Missiles Intercepted . | . . . . Alert | -11 -10 -10 -10 ------- Run | Scr Mat Min Exi Peak Influence 174 | . 90 174 . Initial 34 | . . 34 . Average 67 | . 62 69 . Maximum Alert Level . | . . . . Low Security (%) 100 | 100 100 100 . Level 1 . | . . . . Level 2 . | . . . . Level 3 . | . . . . Level 4 . | . . . . Level 5 . | . . . . High Security . | . . . . Max Security . | . . . . Squads Dispatched 2 | . 1 1 . Investigation 1 | . . 1 . Extermination . | . . . . Reinforcement 1 | . 1 . . Assault . | . . . . Garrison . | . . . . Intercept . | . . . . Construction Impeded . | . . . . Haulers Reinforced . | . . . . Cargo Convoy Interrupts . | . . . . Stealth | -11 -10 -10 -10 --------- Run | Scr Mat Min Exi Distress Signals . | . . . . Communications Jammed . | . . . . Distress Signals . | . . . . Times Spotted 26 | . 5 9 12 Peak Tracking Total 8 | . 3 3 8 Tactical Retreats 1 | . . . 1 Traps | -11 -10 -10 -10 ------- Run | Scr Mat Min Exi Traps Triggered . | . . . . Indirectly . | . . . . Trap Hack Attempts . | . . . . Triggered . | . . . . Disarmed . | . . . . Reprogrammed . | . . . . Reused . | . . . . Traps Extracted . | . . . . Installed . | . . . . Triggered . | . . . . Machines | -11 -10 -10 -10 ---------- Run | Scr Mat Min Exi Machines Disabled 13 | . . 5 8 Max in Single Turn 5 | . . 5 2 Machines Sabotaged . | . . . . Garrisons Compromised . | . . . . Overloaded Fab Kills . | . . . . Fab Network Shutdowns . | . . . . Hacking | -11 -10 -10 -10 --------- Run | Scr Mat Min Exi Machines Accessed 4 | . 1 1 2 Terminals 1 | . 1 . . Fabricators . | . . . . Repair Stations . | . . . . Recycling Units . | . . . . Scanalyzers . | . . . . Garrison Access . | . . . . Total Hacks 8 | . 1 1 6 Successful 7 | . . 1 6 Failed 1 | . 1 . . Catastrophic 1 | . 1 . . Database Lockouts . | . . . . Manual 2 | . 1 . 1 Terminals 1 | . 1 . . Fabricators . | . . . . Repair Stations . | . . . . Recycling Units . | . . . . Scanalyzers . | . . . . Garrison Access . | . . . . Terminal Hacks 7 | . . 1 6 Record 5 | . . . 5 Open Door 1 | . . 1 . EX-Prototype ID Bank 1 | . . . 1 Fabricator Hacks . | . . . . Repair Station Hacks . | . . . . Recycling Unit Hacks . | . . . . Scanalyzer . | . . . . Garrison Access Hacks . | . . . . Unauthorized Hacks . | . . . . Terminals . | . . . . Fabricators . | . . . . Repair Stations . | . . . . Recycling Units . | . . . . Scanalyzers . | . . . . Garrison Access . | . . . . Data Cores Recovered . | . . . . Used . | . . . . Hacking Detections 1 | . 1 . . Full Trace Events . | . . . . Feedback Events . | . . . . Feedback Blocked . | . . . . Robot Schematics Acquired . | . . . . Robots Built . | . . . . Matter . | . . . . Time . | . . . . Total Robot Build Rating . | . . . . Part Schematics Acquired . | . . . . Parts Built . | . . . . Matter . | . . . . Time . | . . . . Total Part Build Rating . | . . . . Parts Repaired . | . . . . Time . | . . . . Parts Recycled . | . . . . Recycled Matter . | . . . . Retrieved Matter . | . . . . Retrieved Components . | . . . . Parts Scanalyzed . | . . . . Part Schematics Acquired . | . . . . Parts Damaged . | . . . . Bothacking | -11 -10 -10 -10 ------------ Run | Scr Mat Min Exi Used RIF Installer . | . . . . Robots Hacked . | . . . . Non-combat . | . . . . Combat . | . . . . Robot Hacks Applied . | . . . . Relay Couplers Released . | . . . . Robots Rewired . | . . . . Allies Hacked . | . . . . Hacks Repelled . | . . . . Allies | -11 -10 -10 -10 -------- Run | Scr Mat Min Exi Total Allies 3 | . . 3 . Largest Group 3 | . . 3 3 Highest-Rated Group 40 | . . 40 40 Highest-Rated Ally 16 | . . 16 16 Total Orders 3 | . . . 3 STAY 3 | . . . 3 Ally Attacks 15 | . . . 15 Total Damage 89 | . . . 89 Kills 1 | . . . 1 Allies Corrupted . | . . . . Allies Melted . | . . . . Intel | -11 -10 -10 -10 ------- Run | Scr Mat Min Exi Robot Analysis Total . | . . . . Derelict Logs Recovered 2 | . . 2 . Drone Launches . | . . . . Drone Recoveries . | . . . . Exploration | -11 -10 -10 -10 ------------- Run | Scr Mat Min Exi Turns Passed 2687 | 3 292 1038 1354 Spaces Moved 1636 | 1 166 612 857 Core . | . . . . Treads 1503 | 1 166 612 724 Legs 133 | . . . 133 Wheels . | . . . . Hover . | . . . . Flight . | . . . . Fastest Speed 120 | 160 160 152 120 Average Speed 152 | 160 160 158 147 Slowest Speed 160 | 160 160 160 152 Overloaded Moves . | . . . . Propulsion Burnouts . | . . . . Robots Hopped . | . . . . Cave-ins Triggered . | . . . . Exploration Rate (%) 55 | 2 37 95 89 Regions Visited 3 Branch Regions 2 Pre-discovered Areas 2 | . . 1 1 Known Exits Taken . | . . . . Unknown Exits Taken 3 | 1 1 1 . Scrap Searched 1 | . . 1 . Spaces Dug . | . . . . Terrain Destroyed 106 | . 28 43 35 Melee . | . . . . Projectile 26 | . . . 26 AOE 80 | . 28 43 9 Terrain Rammed . | . . . . Walls Destroyed . | . . . . Machines Disabled . | . . . . Actions | -11 -10 -10 -10 --------- Run | Scr Mat Min Exi Total 1789 | 2 188 658 941 Wait 20 | . . 13 7 Move 1633 | . 165 611 857 Hop . | . . . . Pick Up 28 | . 12 6 10 Fast Attach 9 | . 1 1 7 Attach 6 | . . 1 5 Detach 4 | . . 1 3 Swap 9 | 2 1 5 1 Drop 29 | . 4 6 19 Fire 21 | . 5 14 2 Melee . | . . . . Ram . | . . . . Kick . | . . . . Crush 30 | . . . 30 Escape Stasis . | . . . . Rewire . | . . . . Trap . | . . . . Miscellaneous . | . . . . Route ------- -11/Scrapyard -10/Materials -10/Mines (discovered 3 exits: [*Mat x2] / *Exi) -10/Exiles (discovered 1 exit: [*Min]) History --------- Turn | Location | Event 4 | -11/Scrapyard | Discovered new exit (range 0) 4 | -11/Scrapyard | Entered Materials 253 | -10/Materials | Discovered new exit (range 9) 296 | -10/Materials | Entered Mines 311 | -10/Mines | Build established: Mutant 317 | -10/Mines | A weapon hastily lodged in a ceiling crevice suddenly fell to the ground 396 | -10/Mines | Found a hidden stash of uninstalled traps 551 | -10/Mines | Discovered new exit (range 10) 593 | -10/Mines | Discovered new exit (range 9) 649 | -10/Mines | Deemed a non-threat by the Exiles lab entrance 649 | -10/Mines | Discovered new exit (range 5) 880 | -10/Mines | Learned Materials terminal intel 1013 | -10/Mines | Assisted by bots powering up and referring to "LRC-V3" 1016 | -10/Mines | Learned location of Storage (-7) 1090 | -10/Mines | Met a Derelict shopkeep closing up shop 1334 | -10/Mines | Entered Exiles 1334 | -10/Exiles | Accompanied by 3 allies 1371 | -10/Exiles | Met 8R-AWN 1397 | -10/Exiles | Met EX-HEX 1483 | -10/Exiles | Met EX-DEC 1516 | -10/Exiles | Visited The Gauntlet 1686 | -10/Exiles | Learned location of Zion (-6) 1718 | -10/Exiles | Met EX-BIN 1847 | -10/Exiles | Discovered new exit (range 12) 2094 | -10/Exiles | Aligned with FarCom system 2096 | -10/Exiles | Given EX-Vault access code 2132 | -10/Exiles | Opened EX-Vault 2169 | -10/Exiles | Found AWS/Gauss 2205 | -10/Exiles | Warned to stay clear of 0b10 Research branches 2435 | -10/Exiles | Attacked by the Exiles 2440 | -10/Exiles | Destroyed EX-HEX 2497 | -10/Exiles | Destroyed 8R-AWN 2500 | -10/Exiles | Found Prototype Device 2500 | -10/Exiles | Identified AS-neutralizer No. 17b 2677 | -10/Exiles | Core integrity fell below 50% 2681 | -10/Exiles | Core integrity fell below 20% 2688 | -10/Exiles | Destroyed by DAS Turret with DAS Cannon Last Messages --------------- 02517_ Dropped Adv. Treads. 02520_ Acquired Adv. Myomer Leg. 02521_ Acquired 50 matter. 02524_ Dropped Lgt. Ion Engine. 02524_ Acquired Rnf. Fission Core. 02528_ Acquired 10 matter. 02585_ Acquired Lrg. Storage Unit. 02587_ Acquired Hpw. Shotgun. 02590_ Acquired Assault Cannon. 02593_ Acquired Hvy. Particle Cannon. 02595_ Acquired Great Maul. 02601_ Acquired Arm. Wheel. 02615_ Acquired Mni. Grenade Launcher. 02676_ Knocked back. 02678_ Lgt. Armor Plating destroyed. 02678_ Knocked back. 02683_ Acquired 5 matter. 02684_ Knocked back. 02685_ AWS/Gauss suddenly breaks down. 02686_ Knocked back. Map ----- +----------------------------------------------------+ | #????????????#"" #????????# """#??? | | #????????????#"" #????????#" "X" """"??? | | ##???????????#"" "#????????#" """ #??? | | "#???????????? ""?????????#" """""""""#??? | | ###???????????" "?????????##" ###########??? | | ##??????????# #????????##"" #????????????? | | ######???### ###?######"" #????????????? | | """#####X# #"###""""""" ##?????###???? | | """""" " "" ##???##"##### | | # "" """ " #####"" """" | | ## " " " " " | | ?### "" | | ???### " | | ?????## | | ??????## | | ???????##" | | ????????#""" """""" | | ???????##" ######""" | | ???????#"" ""##????#####" | | ???????#""" """##??????#####" " | | ??????#""" """##???????# " | | ??????#""" ""#????????# "" | | ???????"" ########??##"" | | ???????""" #;aaa#### | | ???????"" t """" | | ???????#"" @ | | ???????#"""" % % % | | ????????# % " | | ????????#" " "" " " | | ????????#"""" ""## ##""" " " ""# | | ????????#"" ""#### ######""" """##" | | ????????#" """"##??# #????###""""#### | | ????????#""" """#???# #??????######??# | | ????????## ""##??#! "!#???????????? | | ?????????#"" """##???#" !#???????????? | | ?????????##""" ##????#" "#???????????? | | ??????????##"""" ##?????#!!""!"#???????????? | | ???????????### #??????########???????????? | | ?????????????##### ##?????????????????????????? | | ?????????????????## #??????????????????????????? | | ??????????????????# #??????????????????????????? | | ??????????????????# #??????????????????????????? | | ??????????????????# #??????????????????????????? | | ????????####??????# #??????????????????????????? | | """"???#""""""????# #??????????????????????????? | | """"#??#"""""""#??# #??????????????????????????? | | "" "#??#" """"#??# #??????????????????????????? | | """#??#"" """#??# #??????????????????????????? | | ""????"" ""???# #??????????????????????????? | | ""########"""###### ########???????????????????? | +----------------------------------------------------+ Best States ------------- Heat Dissipation 51 Energy Generation 19 Energy Capacity 310 Matter Stores 300 Matter Capacity 300 Sight Range 16 Terrain Scan Density 10 Armor Coverage 300 Evasion (%) 55 Recoil Reduction 2 Item Schematics ----------------- None Robot Schematics ------------------ None Fabricated ------------ Nothing Alien Tech Used ----------------- None Achievements -------------- None Challenges ------------ None Game ------ Seed NuclearRefineryCore Manual? 0 Play Time 00:29:55 Cumulative 354.4 hours Start 2021.06.12 @ 14:34:32 End 2021.06.12 @ 15:19:05 Sessions 2 Manual Loads 0 Difficulty Rogue Special Mode None Game No. 392 Rogue 392 Adventurer 0 Explorer 0 Win Type - Total 31 Types 17/4/2/1/2/1/3/1/0 Lore% 93 Gallery% 88 Achievement% 80 Wizard Run 0 Options --------- ASCII 0 Keyboard 0 Movement Arrows Keybinds 0 Fullscreen 2 Font 18/Terminus Map View 76x50 Tactical HUD 1 Map Filters NONE Filters NONE Steam 1 RUN: e59573be-686e-4640-a28f-c0d012f1d204